Map: 하드와이어 - 래더

Players

Maru - Winner!

  • Race: Terran Terran
  • League: Master

DPGZest (Zest)

  • Race: Protoss Protoss
  • League: Master

Event: DreamHack SC2 Masters Last Chance 2022

VOD

Have the link to the VOD?

Description

Time

  • Played on: Dec. 15, 2021, 5:41 a.m.
  • Length: 10:34

All games in this series

Show
View Real Time Build Order
Export as new Build Order

Maru Terran - Winner!

Build Orders:  

Get SALT Encoding   

  12  0:00  SCV  
  13  0:12  SCV  
  14  0:17  Supply Depot  
  14  0:24  SCV  
  15  0:38  SCV  
  15  0:40  Barracks  
  16  0:44  Refinery  
  16  0:50  SCV  
  16  0:53  Refinery  
  17  1:02  SCV  
  18  1:14  SCV  
  19  1:27  Reaper, Orbital Command  
  20  1:34  Supply Depot  
  20  1:41  Factory  
  20  1:52  SCV  
  21  2:04  SCV, Bunker  
  22  2:17  SCV  
  22  2:21  Barracks Reactor  
  23  2:27  Widow Mine  
  23  2:29  SCV  
  26  2:31  Starport  
  25  2:41  SCV  
  26  2:50  Widow Mine  
  28  2:53  SCV  
  28  2:54  Command Center  
  28  2:56  Supply Depot  
  29  3:02  Marine x2  
  31  3:13  Factory Tech Lab  
  31  3:18  SCV, Viking  
  34  3:20  Marine x2  
  36  3:30  SCV  
  36  3:37  Supply Depot  
  36  3:40  Marine x2  
  36  3:41  Barracks  
  38  3:42  SCV  
  39  3:59  Medivac, Siege Tank  
  39  4:00  Marine  
  39  4:01  SCV  
  45  4:13  SCV  
  45  4:15  Marine  
  47  4:18  Marine  
  47  4:22  Orbital Command  
  48  4:25  SCV  
  48  4:29  Starport Tech Lab  
  49  4:32  Marine  
  49  4:36  Marine  
  49  4:37  SCV, Siege Tank  
  55  4:44  Supply Depot  
  55  4:49  SCV x2  
  57  4:56  Raven  
  57  4:57  Marine x2  
  61  5:00  Engineering Bay  
  61  5:01  SCV  
  61  5:04  Bunker  
  61  5:06  SCV  
  63  5:09  Refinery  
  63  5:13  SCV  
  64  5:14  Marine  
  64  5:15  Marine x2  
  64  5:20  Supply Depot  
  67  5:23  Siege Tank  
  70  5:38  Terran Infantry Weapons Level 1  
  70  5:41  SCV x2, Marine x2  
  75  5:47  Barracks  
  75  5:49  Supply Depot  
  74  5:53  SCV x2  
  74  5:55  Stimpack  
  74  5:56  Marauder  
  73  6:04  Refinery  
  73  6:05  SCV x2  
  74  6:17  SCV x2  
  74  6:18  Refinery, Marine x2  
  78  6:19  Refinery, Barracks  
  78  6:20  Starport Reactor  
  76  6:30  SCV x2  
  76  6:32  Supply Depot  
  77  6:42  SCV x2  
  77  6:43  Marine x2  
  77  6:44  Marauder  
  83  6:49  Factory Reactor, Command Center  
  83  6:51  Supply Depot  
  83  6:54  SCV  
  84  6:57  SCV  
  85  7:03  Marine  
  85  7:04  Marine  
  85  7:05  Marauder  
  85  7:07  Barracks x2  
  89  7:09  Supply Depot  
  89  7:11  SCV x2  
  89  7:13  Combat Shield  
  89  7:15  Marauder  
  93  7:18  Medivac  
  93  7:20  Medivac  
  97  7:23  SCV  
  97  7:24  SCV  
  97  7:26  Supply Depot  
  97  7:29  Supply Depot  
  99  7:32  Terran Infantry Armor Level 1  
  99  7:36  Concussive Shells  
  99  7:39  Marine  
  99  7:40  Marauder x2  
  99  7:41  Marine  
  99  7:42  SCV  
  107  7:44  SCV  
  107  7:47  Widow Mine  
  107  7:48  Widow Mine  
  111  7:52  Medivac x2  
  111  7:56  Barracks Tech Lab  
  111  7:57  Barracks Reactor  
  115  8:04  Marauder x2, Marine  
  121  8:14  Marine x2  
  121  8:16  Widow Mine x2  
  121  8:18  Orbital Command  
  125  8:25  Marauder x2  
  125  8:26  Marine  
  129  8:32  Marauder  
  126  8:36  Marine  
  126  8:37  Marine x2  
  126  8:39  Medivac x2  
  126  8:44  Missile Turret, Marine  
  126  8:46  Marauder  
  126  8:47  Marauder  
  123  8:50  SCV x2  
  123  8:53  Marine  
  124  8:56  SCV  
  124  9:02  SCV  
  117  9:08  Marauder, Marine  
  113  9:10  SCV  
  111  9:22  Marauder x2, Marine x2  
  114  9:30  Marauder, Marine x2  
  111  9:33  Medivac  
  105  9:40  Marine x2  
  105  9:43  Marine x2  
  107  9:47  Marine  
  107  9:51  Marine  
  107  9:52  Marauder  
  108  9:57  Marine  
  101  10:00  Marine  
  101  10:01  Marauder  
  101  10:02  Marauder  
  102  10:11  Marine  
  102  10:13  Marauder, Marine  
  101  10:15  Marine  
Show
View Real Time Build Order
Export as new Build Order

DPGZest Protoss 

Build Orders: 1 Gate Expand, Oracle Opening, Blink Stalkers 

Get SALT Encoding   

  12  0:00  Probe  
  13  0:12  Probe  
  14  0:16  Pylon  
  14  0:24  Probe (Chrono Boost)  
  15  0:36  Gateway, Probe (Chrono Boost)  
  16  0:44  Probe (Chrono Boost)  
  16  0:46  Assimilator  
  17  0:51  Probe  
  18  1:03  Probe  
  19  1:15  Probe  
  20  1:23  Cybernetics Core  
  20  1:31  Probe  
  21  1:37  Nexus  
  21  1:43  Pylon  
  21  1:46  Probe  
  22  1:50  Assimilator  
  22  1:58  Probe  
  22  1:59  Adept (Chrono Boost)  
  25  2:10  Probe  
  25  2:14  Stargate  
  26  2:21  Adept  
  28  2:23  Probe  
  28  2:32  Warp Gate  
  28  2:35  Probe  
  28  2:47  Probe  
  28  2:51  Probe  
  30  2:57  Oracle (Chrono Boost)  
  30  2:59  Probe (Chrono Boost)  
  30  3:03  Probe (Chrono Boost)  
  35  3:12  Probe (Chrono Boost)  
  36  3:15  Twilight Council, Probe (Chrono Boost)  
  38  3:20  Probe (Chrono Boost)  
  38  3:22  Gateway, Probe (Chrono Boost)  
  39  3:30  Gateway  
  39  3:31  Probe  
  40  3:39  Probe  
  40  3:40  Pylon  
  41  3:43  Probe  
  41  3:45  Blink (Chrono Boost)  
  41  3:47  Pylon  
  44  3:51  Probe  
  44  3:55  Probe  
  44  3:56  Assimilator  
  44  4:03  Probe  
  44  4:08  Probe  
  46  4:14  Shield Battery  
  46  4:15  Probe  
  47  4:18  Shield Battery  
  47  4:20  Stalker x2  
  51  4:24  Stalker  
  51  4:26  Pylon  
  53  4:31  Probe x2  
  55  4:45  Stalker x2  
  59  4:46  Probe x2  
  61  4:56  Pylon  
  61  5:04  Nexus  
  61  5:15  Stalker x3  
  61  5:20  Pylon  
  67  5:21  Probe x2  
  69  5:33  Probe  
  69  5:34  Probe  
  69  5:42  Stalker x2  
  69  5:44  Stalker  
  69  5:46  Probe  
  76  5:52  Probe  
  77  5:57  Charge (Chrono Boost)  
  77  6:01  Probe  
  78  6:04  Probe  
  78  6:05  Forge  
  79  6:13  Probe  
  79  6:16  Probe  
  75  6:23  Gateway  
  75  6:24  Forge  
  75  6:26  Probe  
  75  6:27  Probe  
  75  6:28  Gateway  
  75  6:31  Gateway, Pylon  
  77  6:34  Protoss Ground Weapons Level 1 (Chrono Boost)  
  77  6:36  Dark Shrine  
  75  6:42  Probe x2  
  75  6:45  Probe  
  78  6:51  Gateway  
  78  6:53  Gateway  
  78  6:58  Probe x3  
  78  7:01  Shield Battery  
  81  7:04  Pylon, Shield Battery  
  81  7:11  Assimilator, Probe x3  
  81  7:13  Protoss Ground Armor Level 1 (Chrono Boost)  
  81  7:15  Assimilator  
  84  7:20  Pylon  
  84  7:23  Probe x2  
  84  7:25  Probe  
  87  7:35  Gateway, Nexus  
  87  7:36  Probe x2  
  89  7:37  Pylon  
  89  7:39  Probe  
  90  7:47  Probe  
  90  7:48  Probe x2  
  90  7:49  Pylon  
  93  8:00  Shadow Stride  
  93  8:01  Gateway  
  93  8:02  Probe  
  93  8:03  Dark Templar x2  
  93  8:04  Gateway  
  98  8:06  Zealot x2, Sentry  
  104  8:17  Protoss Ground Weapons Level 2 (Chrono Boost)  
  104  8:24  Zealot x2  
  108  8:40  Zealot x6  
  112  8:56  Zealot x2  
  112  8:57  Zealot  
  112  9:01  Zealot x7  
  73  9:17  Zealot x3  
  73  9:22  Zealot x6  
  73  9:23  Zealot  
  83  9:27  Zealot x6  
  83  9:29  Probe x2  
  66  9:40  Dark Templar x2  
  66  9:41  Zealot  
  66  9:45  Zealot  
  72  9:47  Archon  
  72  9:48  Zealot x4  
  72  9:49  Zealot x2  
  69  10:04  Zealot  
  65  10:08  Zealot x2  
  65  10:09  Zealot x5  
  65  10:13  Dark Templar  
  71  10:16  Dark Templar  
  67  10:26  Dark Templar x2  

Tags
 
Add a new tag
Caveats
  • Supply blocks, unpowered buildings, or Contaminate may cause inaccurate times.
  • Supply counts are checked every 10 seconds.